 Dungeon Crawl Stone Soup version 0.30-b1-2-g02819fbbbe (webtiles) character file.

Game seed: 14765951510405588425

456 Arcadio the Covered (level 7, -3/61 HPs)
             Began as a Meteoran Fighter on May 15, 2023.
             Was a Believer of Wu Jian.
             Splashed by a jelly's acid (5 damage)
             ... on level 5 of the Dungeon.
             The game lasted 00:11:34 (2114 turns).

Arcadio the Covered (Meteoran Fighter)              Turns: 2114, Time: 00:11:34

Health: -3/61      AC:  0    Str: 20    XL:     7   Next: 52%
Magic:  8/8        EV:  9    Int:  9    God:    Wu Jian [**....]
Gold:   233        SH:  5    Dex: 14    Spells: 6/6 levels left

rFire   . . .        l - +2 dagger (venom)
rCold   . . .        c - +0 buckler
rNeg    . . .        b - +0 scale mail
rPois   .            v - +0 helmet
rElec   .            (no cloak)
rCorr   .            e - +1 pair of gloves
SInv    .            f - +0 pair of boots
Will    .....        (no amulet) Stlth
                     (no ring)
HPRegen 0.30/turn    (no ring)
MPRegen 0.11/turn

%: no passive effects
@: mighty, corroded, glowing
A: sense surroundings 1, otherworldly, glowing, explore regen
a: Renounce Religion, Wall Jump


You were on level 5 of the Dungeon.
You worshipped Wu Jian.
Wu Jian was pleased with you.
You visited 1 branch of the dungeon, and saw 5 of its levels.

You collected 233 gold pieces.

Inventory:

Hand Weapons
 a - a +0 flail
 l - a +2 dagger of venom (weapon)
Armour
 b - a +0 scale mail (worn)
 c - a +0 buckler (worn)
 e - a +1 pair of gloves (worn)
 f - a +0 pair of boots (worn)
 m - a +1 hat
 v - a +0 helmet (worn)
Scrolls
 g - a scroll of enchant weapon
 h - 5 scrolls of teleportation
 j - a scroll of fear
 n - a scroll of blinking
 q - a scroll of silence
 r - a scroll of vulnerability {unknown}
 u - a scroll of amnesia {unknown}
 w - a scroll of enchant armour {unknown}
Potions
 i - 3 potions of lignification
 k - 2 potions of resistance
 o - 2 potions of cancellation
 p - a potion of flight
 s - 2 potions of degeneration {unknown}
 t - a potion of haste {unknown}


   Skills:
 + Level 5.5 Fighting
 + Level 5.9 Maces & Flails
 + Level 6.1 Armour
 - Level 3.6 Shields


You had 6 spell levels left.
You didn't know any spells.
Your spell library was empty.

Dungeon Overview and Level Annotations

Branches:
Dungeon (5/15) Zot: 831
 Temple: D:4-7

Altars:
Fedhas
Kikubaaqudgha
Nemelex Xobeh
Sif Muna
Wu Jian
Xom
The Shining One

Annotations:
D:3 1 runed translucent door, NitroKuite's ghost, amateur DrTm


Innate Abilities, Weirdness & Mutations

You passively map a small area around you.
You are easily found by Zot.
You glow in the dark.
You regain HP and MP as you explore.


Message History

The scorpion is moderately wounded.
The scorpion stings you.
You are poisoned.
The scorpion poisons you!
You hit the scorpion but do no damage.
The scorpion looks as sick as possible!
The scorpion is severely wounded.
You feel sick.
You kill the scorpion!
The Council accepts your kill.
Your Armour skill increases to level 6!
You barely miss the jelly.
You feel sick. The jelly hits you but does no damage.
You hit the jelly. The acid corrodes you!
Your hands burn!
The jelly is lightly wounded.
You feel sick. The jelly hits you. The acid corrodes you!
You are splashed with acid!
You hit the jelly but do no damage.
Your hands burn!
The jelly is lightly wounded.
You feel sick. The jelly hits you.
You are splashed with acid!
You feel sick.
You feel sick.
There is an open door here.
You feel sick.
You are no longer poisoned.
The jelly attacks as you move away! You block the jelly's attack.
Okay, then.
Aiming: Wall Jump
Press: ? - help, Dir - move target The jelly hits you.
The acid corrodes you!
You are splashed with acid!
You hit the jelly but do no damage.
Your hands burn!
* * * LOW HITPOINT WARNING * * *
The jelly is lightly wounded.
The jelly hits you.
* * * LOW HITPOINT WARNING * * *
You are splashed with acid!
* * * LOW HITPOINT WARNING * * *
You feel very mighty all of a sudden. You block the jelly's attack.
You hit the jelly but do no damage. The acid corrodes you!
Your hands burn!
You die...

#...# * #...# #...# * #...# ,
#...# , #########...#####
##.......'...'...+
#####..#######...#####
#.....@..#####...# ########
#.....J..'......#####.. .......#
#........######....o...
.......###########.## ##...)...
.......##...........#### #.......
.......##.####...........#......#
.......##.# #....................
....).....###........####...PP...
..........#.....................(


You could see a jelly.

Vanquished Creatures
  2 ogres (D:5)
  A scorpion (D:5)
  A jelly (D:5)
  A hound (D:5)
  Jessica (D:3)
  An orc wizard (D:5)
  Robin (D:5)
  3 adders
  A worm (D:3)
  4 dart slugs
  An orc (D:3)
  5 ball pythons
  6 bats
  2 endoplasms
  A giant cockroach (D:3)
  11 goblins
  13 hobgoblins
  2 kobolds (D:2)
  5 quokkas
  3 frilled lizards
  3 rats
68 creatures vanquished.

Vanquished Creatures (others)
  2 fungi (D:5)
2 creatures vanquished.

Grand Total: 70 creatures vanquished

Notes
Turn   | Place    | Note
-------+----------+-------------------------------------------
     0 | D:1      | Arcadio the Meteoran Fighter began the quest for the Orb.
     0 | D:1      | Reached XP level 1. HP: 19/19 MP: 2/2
    92 | D:1      | Reached XP level 2. HP: 26/26 MP: 3/3
   277 | D:2      | Reached skill level 4 in Armour
   370 | D:1      | Prayed at the altar of an unknown god.
   370 | D:1      | Became a worshipper of the Wu Jian Council
   370 | D:1      | Reached * piety under Wu Jian
   380 | D:2      | Reached XP level 3. HP: 31/31 MP: 4/4
   678 | D:2      | Found a shimmering blue altar of Sif Muna.
   760 | D:3      | Reached XP level 4. HP: 30/40 MP: 5/5
   812 | D:3      | Found a runed translucent door.
   813 | D:3      | Noticed a bullfrog
   815 | D:3      | Noticed NitroKuite's ghost (amateur DrTm)
   967 | D:3      | Found a sparkling altar of Nemelex Xobeh.
  1034 | D:3      | Found an ancient bone altar of Kikubaaqudgha.
  1108 | D:3      | Noticed Jessica
  1108 | D:3      | Reached ** piety under Wu Jian
  1141 | D:3      | Killed Jessica
  1142 | D:3      | Reached XP level 5. HP: 40/47 MP: 6/6
  1474 | D:4      | Found a glowing golden altar of the Shining One.
  1650 | D:5      | Entered Level 5 of the Dungeon
  1654 | D:4      | Noticed Robin
  1816 | D:5      | Killed Robin
  1839 | D:4      | Found a shimmering altar of Xom.
  1946 | D:5      | Reached skill level 5 in Armour
  1953 | D:5      | Reached XP level 6. HP: 31/53 MP: 7/7
  1990 | D:5      | Noticed an ogre
  2000 | D:5      | Killed an ogre
  2001 | D:5      | Reached skill level 5 in Fighting
  2001 | D:5      | Reached skill level 5 in Maces & Flails
  2029 | D:5      | Reached XP level 7. HP: 29/61 MP: 8/8
  2087 | D:5      | Found a blossoming altar of Fedhas.
  2101 | D:5      | Reached skill level 6 in Armour
  2112 | D:5      | HP: 2/61 [acid (9)]
  2114 | D:5      | Splashed by a jelly's acid

Illustrated notes

Levels and vault maps discovered:
D:1:      spicycebolla_arrival_ecumenical, layout_loops_ring
D:2:      layout_basic, basic_altar, grunt_decor_cap, uniq_natasha
D:3:      layout_loops_ring, lemuel_round_altar,
          nemelex_xobeh_ov_fountains_minmay, ebering_ghost_sewer_d,
          minmay_randomly_rotated_circles, uniq_jessica
D:4:      layout_gridville, mainiacjoe_overflow_concentric_impassable,
          tso_metal_star, uniq_robin
D:5:      layout_basic, mainiacjoe_overflow_boulevard,
          minmay_temple_entry_enclosed_plants, nicolae_stop_n_shop_2

Skill      XL: |  1  2  3  4  5  6  7 |
---------------+----------------------+-----
Maces & Flails | 3 4 5 |  5.9
Armour         | 4 5 6 |  6.1
Fighting       | 4 5 |  5.5
Shields        | |  3.6

Action                     |  1- 3 |  4- 6 |  7- 9 || total
---------------------------+-------+-------+-------++-------
  Melee: Flail             |    79 |   101 |       ||   180
         Dagger            |       |    59 |    19 ||    78
Ability: Lunge             |     4 |     4 |     1 ||     9
         Whirlwind         |     1 |     4 |       ||     5
         Wall Jump         |       |       |     1 ||     1
    Use: Scroll            |       |    10 |       ||    10
         Potion            |       |     1 |     1 ||     2
 Armour: Scale mail        |    65 |   111 |     3 ||   179
  Dodge: Dodged            |    33 |    65 |     6 ||   104
  Block: Buckler           |    24 |    51 |     3 ||    78
